 Dungeon Crawl Stone Soup version 0.30-a0-6-g7c9e10e132 (webtiles) character file.

Game seed: 17152425396535669666

6647 Sweeb the Cruncher (level 10, -1/80 HPs)
             Began as a Mummy Gladiator on Aug 22, 2022.
             Was a Priest of Okawaru.
             Slain by a vampire mosquito (9 damage)
             ... on level 10 of the Dungeon.
             The game lasted 00:17:36 (9502 turns).

Sweeb the Cruncher (Mummy Gladiator)                Turns: 9502, Time: 00:17:36

Health: -1/80      AC: 13    Str: 27    XL:     10   Next: 72%
Magic:  11/13      EV: 18    Int:  7    God:    Okawaru [***...]
Gold:   394        SH:  5    Dex: 15    Spells: 9/9 levels left

rFire   . . .      SeeInvis +    A - +3 quarterstaff (drain)
rCold   + + .      Faith    .    (shield currently unavailable)
rNeg    + + +      Spirit   .    i - +1 ring mail {Will+}
rPois   ∞          Reflect  +    c - +0 helmet
rElec   .          Harm     .    y - scarf {rC+ rF+}
rCorr   .          Rampage  .    (no gloves)
Will    ++...                    x - +0 pair of boots of Bikewog {Str+4 Int-4 SInv Stlth+}
Stlth   +++++.....               w - amulet of reflection
HPRegen 0.23/turn                o - +4 ring of protection
MPRegen 0.13/turn                f - ring of Azowkili {EV+4 Str+6}

@: heroic
A: cold resistance 1, negative energy resistance 3, torment resistance 2, heat
vulnerability 1, in touch with death 1, no potions
a: Renounce Religion, Heroism


You were on level 10 of the Dungeon.
You worshipped Okawaru.
Okawaru was most pleased with you.
You visited 2 branches of the dungeon, and saw 11 of its levels.

You collected 394 gold pieces.

Inventory:

Hand Weapons
 a - a +1 quarterstaff
 A - a +3 quarterstaff of draining (weapon)
 C - a +3 scimitar of flaming
Missiles
 d - 2 throwing nets (quivered)
 e - 3 javelins
 r - 4 silver javelins
Armour
 b - a +0 leather armour
 c - a +0 helmet (worn)
 h - a +0 pair of boots
 i - a +1 ring mail of willpower (worn)
 v - +0 steam dragon scales
 x - the +0 pair of boots of Bikewog (worn) {Str+4 Int-4 SInv Stlth+}
   (You found it on level 7 of the Dungeon)

   Str:       It affects your strength (+4).
   Int:       It affects your intelligence (-4).
   SInv:      It lets you see invisible.
   Stlth:     It makes you more stealthy.
 y - a scarf of resistance (worn)
 z - a +2 cloak of willpower
 B - a +2 robe of willpower
Jewellery
 f - the ring of Azowkili (right hand) {EV+4 Str+6}
   (You acquired it on level 1 of the Dungeon)

   [ring of evasion]

   EV:        It affects your evasion (+4).
   Str:       It affects your strength (+6).
 n - an amulet of magic regeneration
 o - a +4 ring of protection (left hand)
 s - a ring of resist corrosion
 w - an amulet of reflection (around neck)
Wands
 p - a wand of mindburst (16)
 D - a wand of flame (7)
Scrolls
 g - a scroll of blinking
 j - 3 scrolls of immolation
 k - 3 scrolls of fear
 l - 2 scrolls of fog
 m - 3 scrolls of teleportation
 q - a scroll of poison
 t - 2 scrolls of magic mapping
 u - 7 scrolls of identify
 E - a scroll of brand weapon
 F - a scroll of noise


   Skills:
 + Level 8.1(13.1) Fighting
 * Level 9.8(14.8) Staves
 - Level 1.5(6.5) Throwing
 - Level 2.4(7.4) Dodging
 + Level 7.1(12.1) Stealth
 + Level 4.0 Invocations


You had 9 spell levels left.
You didn't know any spells.
Your spell library contained the following spells:

 Spells                   Type           Power      Damage    Failure   Level
 Necrotise                Necr           0%         1d4       56%         1
 Sting                    Tmut/Pois      0%         1d3       56%         1
 Poisonous Vapours        Pois/Air       0%         N/A       71%         2
 Static Discharge         Conj/Air       0%         3-3/arc   71%         2
 Gell's Gravitas          Tloc           0%         N/A       90%         3
 Teleport Other           Tloc           0%         N/A       90%         3
 Vampiric Draining        Necr           0%         2d6       90%         3
 Corpse Rot               Necr/Pois/Air  0%         N/A       100%        4
 Dispel Undead            Necr           0%         3d6       100%        4
 Olgreb's Toxic Radiance  Pois           0%         N/A       100%        4
 Sticky Flame             Conj/Fire      0%         2d3       100%        4
 Agony                    Necr           0%         N/A       100%        5
 Dispersal                Tloc           0%         N/A       100%        6
 Death Channel            Necr           Unusable   N/A       N/A         6

Dungeon Overview and Level Annotations

Branches:
Dungeon (10/15)            Temple (1/1) D:7            Lair (0/5) D:10
    Orc: D:9-12

Altars:
Cheibriados
Dithmenos
Gozag
Hepliaklqana
Kikubaaqudgha
Makhleb
Nemelex Xobeh
Okawaru
Ru
Sif Muna
Uskayaw
Vehumet
Xom
Yredelemnul

Shops:
D:10 ?

Annotations:
D:2 Natasha
D:5 2 transporters


Innate Abilities, Weirdness & Mutations

You are immune to poison.
Your flesh is cold resistant. (rC+)
You are immune to negative energy. (rN+++)
You are immune to unholy pain and torment.
You are vulnerable to heat. (rF-)
You are in touch with the powers of death.
You do not drink.


Message History

You completely miss the vampire mosquito.
The vampire mosquito is heavily damaged.
The vampire mosquito bites you but does no damage.
The vampire mosquito barely misses you.
You barely miss the vampire mosquito.
The vampire mosquito is heavily damaged.
The vampire mosquito bites you!
* * * LOW HITPOINT WARNING * * *
You hit the vampire mosquito.
The vampire mosquito is severely damaged.
The vampire mosquito bites you but does no damage.
The vampire mosquito barely misses you.
You can't drink.
You can't see any enemies this would affect, really read the scroll of fear?
Okay, then.
Unknown command.
Okay, then.
As you read the scroll of identify, it crumbles to dust.
F - a scroll of noise The vampire mosquito closely misses you.
You block the vampire mosquito's attack.
You gain the combat prowess of a mighty hero.
The vampire mosquito misses you.
You hit the vampire mosquito.
The vampire mosquito is almost destroyed.
The vampire mosquito bites you but does no damage.
The vampire mosquito completely misses you.
You sock the vampire mosquito!
You destroy the vampire mosquito!
Okawaru accepts your kill.
You miss the vampire mosquito. The vampire mosquito barely misses you.
You miss the vampire mosquito.
The vampire mosquito completely misses you. x2
You bludgeon the vampire mosquito!!
The vampire mosquito is severely damaged.
You block the vampire mosquito's attack.
You barely miss the vampire mosquito.
The vampire mosquito is severely damaged.
The vampire mosquito bites you!
You die...

~~~~~~~~~~.. ....'......'.....
~~~~~~~~~~#####.##..)...#)####
~~~~~~~~.....##'##......#)#
#~~~...#............#####.#
#~~..#.#...........# #.#
##~.#...#..........# #.#
###..∩..#..<#'##### #.#
#..#...#..y##.# #.#
#...#.#..'#@..# #.####
#....#....#.### #.....
#.........#.# ###.##
####......#.# #.##
#......###### #..#
#......##≈≈≈## #######..
#......#≈≈≈≈≈# #...#....
#......#≈≈≈≈≈# #.#...#..
#≈♣8♣≈ #..###..[


You could see a vampire mosquito.

Vanquished Creatures
  Erica (D:8)
  Psyche (D:9)
  Grinder (D:4)
  Prince Ribbit (D:8)
  2 wraiths
  A wyvern (D:9)
  6 yaks (D:9)
  2 vampire mosquitoes (D:10)
  3 steam dragons (D:7)
  Menkaure (D:4)
  2 acid dragons (D:10)
  4 orc warriors
  2 hornet zombies (D:7)
  An ice beast (D:6)
  A black bear (D:3)
  A sky beast (D:7)
  An ogre (D:5)
  A centaur (D:10)
  3 phantoms
  A kobold brigand (D:8)
  A bullfrog (D:7)
  A wyvern zombie (D:7)
  2 necrophages
  A scorpion (D:4)
  7 wights
  5 killer bees (D:9)
  An electric eel (D:10)
  4 howler monkeys
  5 hounds
  A human zombie (D:7)
  Crazy Yiuf (D:7)
  3 orc priests
  2 jellies
  A centaur zombie (D:7)
  2 iguanas (D:5)
  6 orc wizards
  2 mummies (D:7)
  A howler monkey zombie (D:7)
  Robin (D:4)
  A gnoll (D:1)
  4 adders
  A shadow imp (D:6)
  A white imp (D:6)
  3 dart slugs
  27 orcs
  4 endoplasms
  A giant cockroach (D:3)
  8 hobgoblins
  10 jackals
  6 quokkas
  A ball python (D:1)
  5 bats
  9 frilled lizards
  13 goblins
  11 kobolds
  7 rats
195 creatures vanquished.

Vanquished Creatures (others)
  A kobold (D:8)
1 creature vanquished.

Grand Total: 196 creatures vanquished

Notes
Turn   | Place    | Note
-------+----------+-------------------------------------------
     0 | D:1      | Sweeb the Mummy Gladiator began the quest for the Orb.
     0 | D:1      | Reached XP level 1. HP: 16/16 MP: 1/1
    27 | D:1      | Reached XP level 2. HP: 14/22 MP: 2/2
   269 | D:1      | Found a faded altar of an unknown god.
   408 | D:1      | Reached skill level 3 in Staves
   408 | D:1      | Reached skill level 1 in Stealth
   459 | D:1      | Gained mutation: You are in touch with the powers of death.
                  | [Mummy growth]
   459 | D:1      | Reached XP level 3. HP: 25/28 MP: 3/3
   678 | D:1      | Identified 2 scrolls of acquirement
   678 | D:1      | Acquired a +4 ring of protection
   686 | D:1      | Acquired the ring of Azowkili {EV+4 Str+6}
   758 | D:2      | Noticed Natasha
  1239 | D:3      | Found an opulent altar of Gozag.
  1456 | D:2      | Reached XP level 4. HP: 33/34 MP: 4/4
  1488 | D:2      | Found an ancient bone altar of Kikubaaqudgha.
  1673 | D:4      | Noticed Grinder
  1723 | D:4      | Noticed Menkaure
  1733 | D:4      | Killed Menkaure
  1734 | D:4      | Reached skill level 4 in Staves
  1734 | D:4      | Reached XP level 5. HP: 26/41 MP: 5/5
  1848 | D:4      | Noticed a phantom
  1872 | D:4      | Killed a phantom
  2086 | D:4      | Paralysed by Grinder for 3 turns
  2094 | D:4      | Paralysed by Grinder for 4 turns
  2107 | D:4      | Killed Grinder
  2108 | D:4      | Reached XP level 6. HP: 37/48 MP: 6/6
  2394 | D:4      | Reached skill level 5 in Staves
  2394 | D:4      | Reached XP level 7. HP: 54/54 MP: 7/7
  2420 | D:4      | Noticed Robin
  2706 | D:4      | Killed Robin
  2794 | D:5      | Entered Level 5 of the Dungeon
  2833 | D:5      | Found a snail-covered altar of Cheibriados.
  2834 | D:5      | Found a transporter.
  2847 | D:5      | Noticed a two-headed ogre
  2853 | D:5      | Found a transporter.
  3008 | D:5      | Found a burning altar of Makhleb.
  3219 | D:5      | Found a sacrificial altar of Ru.
  3220 | D:5      | Found a radiant altar of Vehumet.
  3571 | D:6      | Reached skill level 5 in Fighting
  3571 | D:6      | Reached skill level 6 in Staves
  3571 | D:6      | Reached XP level 8. HP: 56/62 MP: 8/8
  4173 | D:6      | Found a hide-covered altar of Uskayaw.
  4173 | D:6      | Found a basalt altar of Yredelemnul.
  4419 | D:7      | Found a staircase to the Ecumenical Temple.
  4444 | Temple   | Entered the Ecumenical Temple
  4450 | Temple   | Became a worshipper of Warmaster Okawaru
  4595 | D:7      | Reached skill level 7 in Staves
  4908 | D:7      | Found a shimmering altar of Xom.
  4934 | D:7      | Identified the +0 pair of boots of Bikewog {Str+4 Int-4
                  | SInv Stlth+}
  4974 | D:7      | Reached skill level 5 in Stealth
  5351 | D:7      | Reached * piety under Okawaru
  5352 | D:7      | Reached XP level 9. HP: 40/69 MP: 9/9
  5985 | D:7      | Found an ancient bone altar of Kikubaaqudgha.
  6108 | D:7      | Reached skill level 8 in Staves
  6216 | D:7      | Found a runed translucent door.
  6217 | D:7      | Noticed Crazy Yiuf
  6598 | D:7      | Killed Crazy Yiuf
  6680 | D:8      | Noticed Erica
  6697 | D:8      | Killed Erica
  6698 | D:8      | Reached skill level 1 in Invocations
  6931 | D:8      | Noticed Prince Ribbit
  6981 | D:8      | Killed Prince Ribbit
  6981 | D:8      | Reached ** piety under Okawaru
  7731 | D:8      | Reached XP level 10. HP: 64/79 MP: 11/11
  7889 | D:8      | Found a shimmering blue altar of Sif Muna.
  7923 | D:9      | Noticed Psyche
  7931 | D:9      | Killed Psyche
  7932 | D:9      | Reached skill level 9 in Staves
  8149 | D:9      | Reached *** piety under Okawaru
  8395 | D:9      | Found a sparkling altar of Nemelex Xobeh.
  8470 | D:9      | Noticed a two-headed ogre
  8855 | D:10     | Entered Level 10 of the Dungeon
  9360 | D:10     | Found a staircase to the Lair.
  9385 | D:10     | Found a hazy altar of Hepliaklqana.
  9446 | D:10     | Found Xetatoe's Magic Scroll Shoppe.
  9502 | D:10     | Slain by a vampire mosquito

Illustrated notes

Levels and vault maps discovered:
D:1:      onia_arrival_pyramid, layout_rooms,
          shapermc_ecumenical_altar_notcrosses
D:2:      layout_basic, basic_altar, uniq_natasha
D:3:      layout_rooms, mainiacjoe_overflow_alcove_4, minmay_door_square
D:4:      layout_gridville, uniq_robin, uniq_grinder, uniq_menkaure
D:5:      layout_basic, gammafunk_temple_overflow_arena, bloody_makhleb
D:6:      layout_basic, gammafunk_temple_overflow_pools
D:7:      layout_basic, mainiacjoe_overflow_tiny_flanked,
          lemuel_mausoleum_altar_kikubaaqudgha, minmay_temple_entry_crystal_x,
          uniq_crazy_yiuf_cottage
D:8:      layout_rooms, led_sif_book, general_overflow_altar, special_room
          [special_room_orc], uniq_erica, uniq_prince_ribbit1
D:9:      layout_gridville, nemelex_spade_bored_becter, uniq_psyche
D:10:     layout_basic, zin_academy, worldfamousw_hep_ancestral_shrine,
          lair_entry_dummy, serial_shops, nicolae_diamond_shop,
          minmay_fractal_squares_diagonal_5
Temple:   nicolae_temple_bog_church

Skill      XL: |  1  2  3  4  5  6  7  8  9 10 |
---------------+-------------------------------+-----
Staves         | 3 4 5 6 7 8 9 |  9.8
Stealth        | 1 2 3 4 5 6 7 |  7.1
Fighting       | 3 4 5 6 7 8 |  8.1
Invocations    | 2 4 |  4.0
Throwing       | |  1.5
Dodging        | |  2.4

Action                   |  1- 3 |  4- 6 |  7- 9 | 10-12 || total
-------------------------+-------+-------+-------+-------++-------
Melee: Quarterstaff      |   153 |    76 |   381 |   207 ||   817
Throw: Throwing net      |       |       |     3 |       ||     3
Invok: Heroism           |       |       |       |     1 ||     1
  Use: Scroll            |    10 |     3 |     5 |     1 ||    19
 Stab: Sleeping          |     2 |       |     9 |     4 ||    15
       Held in net/web   |       |       |     4 |       ||     4
Armor: Ring mail         |    46 |    21 |   134 |    48 ||   249
       Leather armour    |    10 |       |       |       ||    10
Dodge: Dodged            |    99 |    45 |   258 |   148 ||   550
Block: Other             |       |       |    24 |    55 ||    79
       Reflection        |       |       |       |     3 ||     3

Table legend: (Time is in decaauts)
 A = Elapsed time spent in this place.
 B = Non-inter-level travel time spent in this place.
 C = Inter-level travel time spent in this place.
 D = Time resting spent in this place.
 E = Time spent auto-exploring this place.
 F = Levels seen in this place.
 G = Mean time per level.
                   A        B        C        D        E       F      G
               +--------+--------+--------+--------+--------+-----+--------+
         Total |   9504 |   9106 |    398 |   2965 |   3949 |  11 |  864.0 |
       Dungeon |   9491 |   9099 |    392 |   2965 |   3949 |  10 |  949.1 |
        Temple |     12 |      6 |      6 |      0 |      0 |   1 |   12.0 |
               +--------+--------+--------+--------+--------+-----+--------+

Top non-repeatable levels by time:
     D:7: 2201 daAuts
     D:8: 1275 daAuts
     D:3: 978 daAuts
     D:9: 937 daAuts
     D:6: 936 daAuts
     D:4: 878 daAuts
     D:1: 748 daAuts
     D:5: 643 daAuts
    D:10: 624 daAuts
     D:2: 267 daAuts
  Temple: 12 daAuts
